 Dungeon Crawl Stone Soup version 0.25.0-9-g26727b657a (webtiles) character file.

Game seed: 1802251725720648941

186 tilp the Chiller (level 5, 0/42 HPs)
             Began as a Tengu Ice Elementalist on June 16, 2020.
             Slain by a hound skeleton (1 damage)
             ... on level 4 of the Dungeon.
             The game lasted 00:06:13 (3806 turns).

tilp the Chiller (Tengu Ice Elementalist)           Turns: 3806, Time: 00:06:14

Health: 0/42       AC:  2    Str:  8    XL:     5   Next: 66%
Magic:  8/9        EV: 15    Int: 17    God:
Gold:   198        SH:  0    Dex: 14    Spells: 1/8 levels left

rFire    + . .     SeeInvis .   b - +4 hand axe (freeze)
rCold    + . .     Gourm    .   (no shield)
rNeg     . . .     Faith    .   d - +0 robe
rPois    +         Spirit   .   (helmet restricted)
rElec    +         Reflect  .   (no cloak)
rCorr    +         Harm     .   (no gloves)
MR       .....                  (boots unavailable)
Stlth    ..........             (no amulet)
HPRegen  0.14/turn              (no ring)
MPRegen  0.11/turn              (no ring)

@: berserking, lethally poisoned (0 -> -1), resistant, flying quickly and
evasively, very quick
A: beak, talons 3, able to fly
a: Stop Flying


You were on level 4 of the Dungeon.
You were not hungry.

You visited 1 branch of the dungeon, and saw 4 of its levels.

You collected 198 gold pieces.

Inventory:

Hand Weapons
 a - a +2 whip of freezing
 b - a +4 hand axe of freezing (weapon)
 p - a +1 dagger of venom
 t - a +0 flail of holy wrath
Missiles
 e - 121 stones (quivered)
Armour
 d - a +0 robe (worn)
Jewellery
 l - an uncursed ring of poison resistance
Wands
 o - a wand of digging (5)
Scrolls
 f - a scroll of remove curse {unknown}
 i - 3 scrolls of teleportation
 m - a scroll of enchant weapon {unknown}
 n - a scroll of magic mapping {unknown}
 s - a scroll of enchant armour {unknown}
Potions
 g - a potion of flight
 h - 2 potions of lignification
 q - a potion of ambrosia {unknown}
 r - a potion of curing {unknown}
Comestibles
 c - 4 rations


   Skills:
 - Level 0.3 Fighting
 - Level 2.1 Dodging
 - Level 2.0 Stealth
 + Level 2.3 Spellcasting
 - Level 6.0 Ice Magic


You had one spell level left.
You knew the following spells:

 Your Spells              Type           Power        Failure   Level  Hunger
a - Freeze                Ice            ###.         1%          1    #......
b - Frozen Ramparts       Ice            ###...       4%          3    ###....
c - Ozocubu's Armour      Chrm/Ice       ##......     17%         3    ###....

Your spell library contained the following spells:

 Spells                   Type           Power        Failure   Level  Hunger
 Hailstorm                Conj/Ice       ##......     50%         4    #####..
 Summon Ice Beast         Ice/Summ       ##......     50%         4    #####..


Dungeon Overview and Level Annotations

Branches:
Dungeon (4/15)
 Temple: D:4-7

Altars:
Ru
Wu Jian
Xom


Innate Abilities, Weirdness & Mutations

You have a beak for a mouth.
You have claws for feet.
You can fly continuously.


Message History

Confirm with . or Enter, or press ? or * to list all spells.
Aiming: Freeze (safe; 1% risk of failure)
Press: ? - help, Shift-Dir - straight line, f/p - hound skeleton
Aim: a hound skeleton (severely damaged)
Okay, then.
Unknown command.
It was a potion of resistance.
You feel protected. The hound bites you.
* * * LOW HITPOINT WARNING * * *
The hound skeleton bites you but does no damage.
The hound barely misses you.
Unknown command.
It was a potion of berserk rage.
A red film seems to cover your vision as you go berserk!
You feel yourself moving faster!
You feel mighty!
* * * LOW HITPOINT WARNING * * *
You feel sick. The hound bites you but does no damage.
The hound skeleton bites you.
You die...

............###.....!...
........................
.........##....##.......
.........##....#........
..######......†#........
.. .................. .
................##
......#.........#
......#....@....#
......#....hZ...# ##
###...##### >.....
#...... #.......
#....... #........


You could see a hound and a hound skeleton.

Vanquished Creatures
  An orc priest (D:4)
  A hound (D:4)
  A worker ant (D:4)
  2 adders
  An ooze (D:1)
  A worm (D:2)
  2 dart slugs
  2 leopard geckos (D:1)
  4 orcs
  A ball python (D:3)
  3 giant cockroaches
  6 hobgoblins
  7 jackals
  9 kobolds
  A quokka (D:3)
  8 bats
  6 frilled lizards
  5 goblins
  A quokka skeleton (D:4)
  10 rats
72 creatures vanquished.

Notes
Turn   | Place    | Note
-------+----------+-------------------------------------------
     0 | D:1      | tilp the Tengu Ice Elementalist began the quest for the
                  | Orb.
     0 | D:1      | Reached XP level 1. HP: 10/10 MP: 4/4
   348 | D:1      | Reached skill level 4 in Ice Magic
   348 | D:1      | Reached XP level 2. HP: 16/16 MP: 6/6
  1000 | D:1      | Reached XP level 3. HP: 20/20 MP: 2/7
  1009 | D:1      | Learned a level 3 spell: Frozen Ramparts
  1636 | D:2      | Reached XP level 4. HP: 24/24 MP: 4/8
  1795 | D:2      | Reached skill level 5 in Ice Magic
  1974 | D:2      | Found a shimmering altar of Xom.
  1974 | D:2      | Found a sacrificial altar of Ru.
  2376 | D:3      | Found an ornate altar of the Wu Jian Council.
  2474 | D:3      | Learned a level 3 spell: Ozocubu's Armour
  2505 | D:3      | Found a faded altar of an unknown god.
  3496 | D:4      | Gained mutation: You can fly continuously. [Tengu growth]
  3496 | D:4      | Reached XP level 5. HP: 17/28 MP: 9/9
  3797 | D:4      | Reached skill level 6 in Ice Magic
  3805 | D:4      | HP: 1/28 [hound (1)]
  3806 | D:4      | Slain by a hound skeleton

Illustrated notes

Levels and vault maps discovered:
D:1:      onia_arrival_mini_maze, layout_loops_cross
D:2:      cheibrodos_helix_gallery, layout_basic, gammafunk_temple_overflow_wave
D:3:      layout_basic, lemuel_crystal_altar, first_ration,
          chequers_ecumenical_altar_grove
D:4:      layout_basic, kennysheep_little_box, minmay_temple_entry_fiery,
          uniq_sigmund

Skill      XL: |  1  2  3  4  5 |
---------------+----------------+-----
Ice Magic      | 4 5 6 |  6.0
Fighting       | |  0.3
Dodging        | |  2.1
Stealth        | |  2.0
Spellcasting   | |  2.3

Action                   |  1- 3 |  4- 6 || total
-------------------------+-------+-------++-------
Melee: Dagger            |    24 |       ||    24
       Kick              |     7 |     7 ||    14
       Peck              |     3 |     4 ||     7
       Hand axe          |     9 |    53 ||    62
       Whip              |     9 |       ||     9
Throw: Stone             |     1 |       ||     1
 Cast: Freeze            |    28 |     1 ||    29
       Frozen Ramparts   |     3 |     2 ||     5
 Abil: Fly               |       |     1 ||     1
  Use: Scroll            |       |     3 ||     3
       Potion            |       |     2 ||     2
 Stab: Sleeping          |     3 |     4 ||     7
       Distracted        |       |     1 ||     1
  Eat: Chunk             |     3 |     7 ||    10
Armor: Robe              |     7 |    12 ||    19
Dodge: Dodged            |    49 |    40 ||    89
